WCHLSIM.com - West Coast Hockey League
html PUBLIC "-//W3C//DTD XHTML 1.0 Transitional//EN" "http://www.w3.org/TR/xhtml1/DTD/xhtml1-transitional.dtd"> WCHL - Game 181 - SALEM BLACK JAYS vs PORTLAND PIRATES

SALEM BLACK JAYS vs PORTLAND PIRATES

Created - 9 novembre 2021 at 20:22

Goals
1 2 3 T
SALEM BLACK JAYS 0 2 0 2
PORTLAND PIRATES 1 2 0 3
Shots
1 2 3 T
SALEM BLACK JAYS 6 10 8 24
PORTLAND PIRATES 9 12 4 25

1st period

1. PORTLAND PIRATES , Mika Zibanejad 7 (Travis Konecny 7, Gabriel Landeskog 8) at 0:20

Penalties :
Jason Demers (POR) for Slashing (Minor) at 7:05, Brian Dumoulin (POR) for High sticking (Minor) at 10:50

2nd period

2. SALEM BLACK JAYS , Troy Terry 3 (Andy Greene 4, Martin Necas 10) at 1:53 (PP)
3. SALEM BLACK JAYS , Mathew Barzal 4 (Mitchell Marner 3) at 7:19
4. PORTLAND PIRATES , Mika Zibanejad 8 (Jason Demers 1) at 10:28
5. PORTLAND PIRATES , Yanni Gourde 4 (Chandler Stephenson 5) at 16:43

Penalties :
Ryan Donato (POR) for Slashing (Minor) at 0:43

3rd period

No Goal

Penalties :
Ben Hutton (SAL) for Interference (Minor) at 6:50

Goalie Stats

Juuse Saros (SAL), 22 saves from 25 shots - (0,880), L, 3-6-0, 59:53 minutes
Chris Driedger (POR), 22 saves from 24 shots - (0,917), W, 4-0-1, 60:00 minutes

Players Stats for SALEM BLACK JAYS

Player Name              G  A  P  +/- PIM S  H  SB GA TA FO     MP     PP MP  PK MP  
------------------------------------------------------------------------------------
Andreas Athanasiou       0  0  0  -2  0   3  0  0  0  0  0/0    19:24   1:52   0:00 
Andy Greene              0  1  1  -2  0   0  1  1  0  0  0/0    20:54   1:39   0:48 
Ben Hutton               0  0  0   0  2   0  0  0  0  0  0/0    15:02   0:13   0:00 
Casey Cizikas            0  0  0   0  0   0  2  0  0  0  4/6     5:05   0:00   0:00 
Cody Ceci                0  0  0   0  0   2  1  0  0  0  0/0    23:42   2:55   1:11 
Daniel Sprong            0  0  0   0  0   1  0  0  0  0  0/0    14:16   0:00   0:00 
Dylan Cozens             0  0  0   0  0   1  2  1  0  0  0/1    14:16   0:00   0:00 
Filip Chytil             0  0  0   0  0   0  0  0  0  0  1/1     0:12   0:00   0:00 
Joshua Morrissey         0  0  0   0  0   0  1  2  0  0  0/0    24:03   3:16   1:11 
Martin Necas             0  1  1  -2  0   3  1  1  0  0  8/22   19:58   1:52   0:34 
Mathew Barzal            1  0  1   0  0   3  1  0  0  0  7/23   20:41   3:16   1:25 
Matthew Calvert          0  0  0   0  0   0  0  1  0  0  0/0     4:53   0:00   0:00 
Maxime Comtois           0  0  0   0  0   0  0  0  0  0  1/1    19:50   3:16   0:34 
Mitchell Marner          0  1  1   0  0   1  0  0  0  0  1/3    25:34   3:16   1:25 
Nick Jensen              0  0  0   0  0   1  0  2  0  0  0/0    15:24   0:34   0:00 
Scott Mayfield           0  0  0  -2  0   1  7  1  0  0  0/0    20:54   1:39   0:48 
Theodor Blueger          0  0  0   0  0   2  1  1  0  0  4/12   14:28   0:00   0:00 
Troy Terry               1  0  1  -2  0   6  1  0  0  0  0/1    19:24   1:52   0:00 

Players Stats for PORTLAND PIRATES

Player Name              G  A  P  +/- PIM S  H  SB GA TA FO     MP     PP MP  PK MP  
------------------------------------------------------------------------------------
Adam Erne                0  0  0   0  0   1  0  0  0  0  0/1     6:57   0:00   0:32 
Brett Pesce              0  0  0   1  0   2  0  1  0  0  0/0    21:41   0:00   3:12 
Brian Dumoulin           0  0  0   1  2   0  1  0  0  0  0/0    21:12   1:05   1:39 
Chandler Stephenson      0  1  1   1  0   3  0  0  0  0  13/19  19:56   1:05   2:05 
Gabriel Landeskog        0  1  1   1  0   2  0  1  0  0  1/2    17:13   0:54   0:00 
Jason Demers             0  1  1   0  2   0  3  0  0  0  0/0    18:07   0:00   1:19 
Joakim Nordstrom         0  0  0   0  0   0  0  0  0  0  1/5     8:12   0:00   2:31 
Joe Thornton             0  0  0   0  0   1  0  0  0  0  13/21  16:26   0:00   2:07 
Mika Zibanejad           2  0  2   1  0   3  0  0  0  0  9/14   17:13   0:54   0:00 
Otto Leskinen            0  0  0   0  0   0  0  1  0  0  0/0    16:37   0:00   0:00 
Pavel Zacha              0  0  0   1  0   1  1  0  0  0  2/3    16:55   1:05   0:00 
Rickard Rakell           0  0  0   0  0   2  1  0  0  0  2/2    15:01   0:54   0:00 
Ryan Donato              0  0  0   0  2   2  1  0  0  0  0/0    15:11   1:05   0:00 
Thomas Chabot            0  0  0   1  0   0  3  1  0  0  0/0    20:05   0:54   1:36 
Travis Hamonic           0  0  0   1  0   1  3  1  0  0  0/0    20:17   0:00   2:30 
Travis Konecny           0  1  1   1  0   0  2  0  0  0  1/1    17:13   0:54   0:00 
William Carrier          0  0  0   0  0   0  0  0  0  0  1/1     6:37   0:00   0:56 
Yanni Gourde             1  0  1   1  0   7  0  0  0  0  1/1    19:56   1:05   2:05 

3 Stars

1 - Mika Zibanejad (POR)
2 - Yanni Gourde (POR)
3 - Travis Konecny (POR)

Power Play

SALEM BLACK JAYS - 1 on 3 Attempt(s) - 33,33%
PORTLAND PIRATES - 0 on 1 Attempt(s) - 0,00%

Penalty Kill

SALEM BLACK JAYS - 1 on 1 Attempt(s) - 100,00% - Score 0 goal in Penalty Kill
PORTLAND PIRATES - 2 on 3 Attempt(s) - 66,67% - Score 0 goal in Penalty Kill

Team Stat

SALEM BLACK JAYS - Hits : 18 - Faceoff Wins : 26 - Blocked Shots : 10 - Penalty Minutes : 2
PORTLAND PIRATES - Hits : 15 - Faceoff Wins : 44 - Blocked Shots : 5 - Penalty Minutes : 6

Official

Referees : Robert Hennessey and Kendrick Nicholson
Linesman : Dennis Urban and Justin Cornell

Game Notes

No Game Note

Finance

Level 1 -- Attendance: 7643 (95,54%) -- Ticket Income 1 215 237 $
Level 2 -- Attendance: 5666 (94,43%) -- Ticket Income 645 924 $
Level 3 -- Attendance: 3000 (100,00%) -- Ticket Income 252 000 $
Level 4 -- Attendance: 4000 (100,00%) -- Ticket Income 316 000 $
Luxury Box -- Attendance: 1000 (100,00%) -- Ticket Income 334 000 $
Total Attendance: 21309 (96,86%)
Total Ticket Income: 2 763 161 $
Other Expense: 27 632 $
Total Income: 2 735 529 $

SALEM BLACK JAYS

5 vs 5 Forward 
   Center                   Left Wing                Right Wing               Time % Phy DF OF 
 1 Mathew Barzal            Maxime Comtois           Mitchell Marner          36     1   2  2  
 2 Martin Necas             Andreas Athanasiou       Troy Terry               31     1   2  2  
 3 Theodor Blueger          Daniel Sprong            Dylan Cozens             23     1   2  2  
 4 Casey Cizikas            Matthew Calvert          Mitchell Marner          10     1   2  2  

5 vs 5 Defense 
   Defense                  Defense                                           Time % Phy DF OF 
 1 Joshua Morrissey         Cody Ceci                                         36     1   2  2  
 2 Scott Mayfield           Andy Greene                                       31     1   2  2  
 3 Nick Jensen              Ben Hutton                                        23     1   2  2  
 4 Joshua Morrissey         Cody Ceci                                         10     1   2  2  

PowerPlay Forward 
   Center                   Left Wing                Right Wing               Time % Phy DF OF 
 1 Mathew Barzal            Maxime Comtois           Mitchell Marner          55     1   2  2  
 2 Martin Necas             Andreas Athanasiou       Troy Terry               45     1   2  2  

PowerPlay Defense
   Defense                  Defense                                           Time % Phy DF OF 
 1 Joshua Morrissey         Cody Ceci                                         55     1   2  2  
 2 Scott Mayfield           Andy Greene                                       45     1   2  2  

Penalty Kill 4 Players Forward 
   Center                   Wing                     Time % Phy DF OF 
 1 Mitchell Marner          Mathew Barzal            55     1   2  2  
 2 Martin Necas             Maxime Comtois           45     1   2  2  

Penalty Kill 4 Players Defense
   Defense                  Defense                  Time % Phy DF OF 
 1 Joshua Morrissey         Cody Ceci                55     1   2  2  
 2 Scott Mayfield           Andy Greene              45     1   2  2  

Penalty Kill - 3 Players Forward 
   Forward                                           Time % Phy DF OF 
 1 Mitchell Marner                                   55     1   2  2  
 2 Mathew Barzal                                     45     1   2  2  

Penalty Kill - 3 Players Defense
   Defense                  Defense                  Time % Phy DF OF 
 1 Joshua Morrissey         Cody Ceci                55     1   2  2  
 2 Scott Mayfield           Andy Greene              45     1   2  2  

4 vs 4 Forward 
   Center                   Wing                     Time % Phy DF OF 
 1 Mitchell Marner          Mathew Barzal            55     1   2  2  
 2 Martin Necas             Maxime Comtois           45     1   2  2  

4 vs 4 Defense
   Defense                  Defense                  Time % Phy DF OF 
 1 Joshua Morrissey         Cody Ceci                55     1   2  2  
 2 Scott Mayfield           Andy Greene              45     1   2  2  

Last Minutes Offensive
   Center                   Left Wing                Right Wing               Defense                  Defense                  
   Mathew Barzal            Maxime Comtois           Mitchell Marner          Joshua Morrissey         Cody Ceci                

Last Minutes Defensive
   Center                   Left Wing                Right Wing               Defense                  Defense                  
   Mathew Barzal            Maxime Comtois           Mitchell Marner          Joshua Morrissey         Cody Ceci                

Goaltenders
Starting : Juuse Saros              
Backup : Adam Huska               

Extra Forwards
Normal : Filip Chytil, Theodor Blueger, Casey Cizikas - PP : Filip Chytil, Theodor Blueger - PK : Casey Cizikas
Extra Defensemen
Normal : Nick Jensen, Ben Hutton, Scott Mayfield - PP : Nick Jensen - PK : Ben Hutton, Scott Mayfield
Penalty Shots
Mitchell Marner, Mathew Barzal, Martin Necas, Maxime Comtois, Andreas Athanasiou
Custom OT Lines Forwards
Mitchell Marner, Mathew Barzal, Martin Necas, Maxime Comtois, Andreas Athanasiou, Theodor Blueger, Casey Cizikas, Filip Chytil, Troy Terry, Dylan Cozens
Custom OT Lines Defensemen
Joshua Morrissey, Cody Ceci, Scott Mayfield, Andy Greene, Nick Jensen

Scratches
Dylan Larkin (Upper Body Injury), Mikko Rantanen (Healthy), Kasimir Kaskisuo (Sprained Right Knee Injury)

PORTLAND PIRATES

5 vs 5 Forward 
   Center                   Left Wing                Right Wing               Time % Phy DF OF 
 1 Mika Zibanejad           Gabriel Landeskog        Travis Konecny           33     0   1  4  
 2 Chandler Stephenson      Pavel Zacha              Yanni Gourde             32     0   2  3  
 3 Joe Thornton             Ryan Donato              Rickard Rakell           30     0   2  3  
 4 Joakim Nordstrom         William Carrier          Adam Erne                5      1   2  2  

5 vs 5 Defense 
   Defense                  Defense                                           Time % Phy DF OF 
 1 Brett Pesce              Brian Dumoulin                                    35     0   4  1  
 2 Thomas Chabot            Travis Hamonic                                    33     0   4  1  
 3 Jason Demers             Otto Leskinen                                     22     0   4  1  
 4 Jason Demers             Otto Leskinen                                     10     0   4  1  

PowerPlay Forward 
   Center                   Left Wing                Right Wing               Time % Phy DF OF 
 1 Mika Zibanejad           Gabriel Landeskog        Travis Konecny           60     0   1  4  
 2 Chandler Stephenson      Pavel Zacha              Yanni Gourde             40     0   1  4  

PowerPlay Defense
   Defense                  Defense                                           Time % Phy DF OF 
 1 Thomas Chabot            Rickard Rakell                                    60     0   1  4  
 2 Brian Dumoulin           Ryan Donato                                       40     0   1  4  

Penalty Kill 4 Players Forward 
   Center                   Wing                     Time % Phy DF OF 
 1 Joe Thornton             Joakim Nordstrom         60     0   5  0  
 2 Chandler Stephenson      Yanni Gourde             40     0   5  0  

Penalty Kill 4 Players Defense
   Defense                  Defense                  Time % Phy DF OF 
 1 Brett Pesce              Brian Dumoulin           60     0   5  0  
 2 Travis Hamonic           Jason Demers             40     0   5  0  

Penalty Kill - 3 Players Forward 
   Forward                                           Time % Phy DF OF 
 1 Joe Thornton                                      60     0   5  0  
 2 Joakim Nordstrom                                  40     0   5  0  

Penalty Kill - 3 Players Defense
   Defense                  Defense                  Time % Phy DF OF 
 1 Brett Pesce              Brian Dumoulin           60     0   5  0  
 2 Travis Hamonic           Jason Demers             40     0   5  0  

4 vs 4 Forward 
   Center                   Wing                     Time % Phy DF OF 
 1 Mika Zibanejad           Gabriel Landeskog        60     0   2  3  
 2 Pavel Zacha              Travis Konecny           40     0   2  3  

4 vs 4 Defense
   Defense                  Defense                  Time % Phy DF OF 
 1 Thomas Chabot            Brian Dumoulin           60     0   3  2  
 2 Travis Hamonic           Jason Demers             40     0   3  2  

Last Minutes Offensive
   Center                   Left Wing                Right Wing               Defense                  Defense                  
   Mika Zibanejad           Gabriel Landeskog        Travis Konecny           Thomas Chabot            Brett Pesce              

Last Minutes Defensive
   Center                   Left Wing                Right Wing               Defense                  Defense                  
   Joe Thornton             Chandler Stephenson      Yanni Gourde             Brian Dumoulin           Brett Pesce              

Goaltenders
Starting : Chris Driedger           
Backup : Jonathan Bernier         

Extra Forwards
Normal : Adam Erne, Ryan Donato, Rickard Rakell - PP : Joe Thornton, Adam Erne - PK : William Carrier
Extra Defensemen
Normal : Jason Demers, Travis Hamonic, Thomas Chabot - PP : Jason Demers - PK : Thomas Chabot, Jason Demers
Penalty Shots
Mika Zibanejad, Gabriel Landeskog, Travis Konecny, Pavel Zacha, Yanni Gourde
Custom OT Lines Forwards
Mika Zibanejad, Gabriel Landeskog, Travis Konecny, Chandler Stephenson, Yanni Gourde, Pavel Zacha, Joe Thornton, Rickard Rakell, Ryan Donato, Adam Erne
Custom OT Lines Defensemen
Thomas Chabot, Brett Pesce, Brian Dumoulin, Travis Hamonic, Jason Demers

Scratches
Alec Martinez (Strained Right Knee Injury), Kevin Lankinen (Healthy)

% Time on Ice - SALEM BLACK JAYS

Lines # - Real PCT - Wanted PCT - Time Play
Normal Forward
1 - 30% - 36% - 16:00
2 - 33% - 31% - 17:32
3 - 27% - 23% - 14:16
4 - 9% - 10% - 4:53
Normal Defense
1 - 32% - 36% - 16:59
2 - 35% - 31% - 18:27
3 - 28% - 23% - 14:38
4 - 5% - 10% - 2:37
PP Forward
1 - 64% - 55% - 3:16
2 - 36% - 45% - 1:52
PP Defense
1 - 68% - 55% - 3:29
2 - 32% - 45% - 1:39
PK Forward
1 - 71% - 55% - 1:25
2 - 29% - 45% - 0:34
PK Defense
1 - 60% - 55% - 1:11
2 - 40% - 45% - 0:48
PK3 Forward
1 - 0% - 55%
2 - 0% - 45%
PK3 Defense
1 - 0% - 55%
2 - 0% - 45%
44 Forward
1 - 0% - 55%
2 - 0% - 45%
44 Defense
1 - 0% - 55%
2 - 0% - 45%
Last Minute Offensive  - 0:12
Last Minute Defensive  - 0:00
Total
Forward - 60:00
Defense - 60:00

% Time on Ice - PORTLAND PIRATES

Lines # - Real PCT - Wanted PCT - Time Play
Normal Forward
1 - 31% - 33% - 16:19
2 - 30% - 32% - 15:50
3 - 27% - 30% - 14:07
4 - 11% - 5% - 5:41
Normal Defense
1 - 34% - 35% - 17:45
2 - 34% - 33% - 17:35
3 - 23% - 22% - 11:57
4 - 9% - 10% - 4:40
PP Forward
1 - 45% - 60% - 0:54
2 - 55% - 40% - 1:05
PP Defense
1 - 45% - 60% - 0:54
2 - 55% - 40% - 1:05
PK Forward
1 - 59% - 60% - 3:03
2 - 41% - 40% - 2:05
PK Defense
1 - 64% - 60% - 3:17
2 - 36% - 40% - 1:51
PK3 Forward
1 - 0% - 60%
2 - 0% - 40%
PK3 Defense
1 - 0% - 60%
2 - 0% - 40%
44 Forward
1 - 0% - 60%
2 - 0% - 40%
44 Defense
1 - 0% - 60%
2 - 0% - 40%
Last Minute Offensive  - 0:00
Last Minute Defensive  - 0:56
Total
Forward - 60:00
Defense - 60:00

Play-by-Play

1st period


0:01 of 1st period - Mika Zibanejad wins face-off versus Mathew Barzal in neutral zone.
0:16 of 1st period - Shot by Mika Zibanejad.
0:16 of 1st period - Shot Misses the Net.
0:18 of 1st period - Shot by Travis Konecny.
0:18 of 1st period - Shot Misses the Net.
0:20 of 1st period - Shot by Mika Zibanejad.
0:20 of 1st period - Goal by Mika Zibanejad - SALEM BLACK JAYS : 0 - PORTLAND PIRATES : 1.
0:21 of 1st period - Martin Necas wins face-off versus Chandler Stephenson in neutral zone.
0:38 of 1st period - Shot by Yanni Gourde.
0:38 of 1st period - Stopped by Juuse Saros with a rebound.
0:52 of 1st period - Shot by Troy Terry.
0:52 of 1st period - Stopped by Chris Driedger without a rebound.
0:53 of 1st period - Joe Thornton wins face-off versus Theodor Blueger in PORTLAND PIRATES zone.
0:53 of 1st period - Joe Thornton is hit by Dylan Cozens.
1:31 of 1st period - Shot by Rickard Rakell.
1:31 of 1st period - Shot Misses the Net.
1:33 of 1st period - Shot by Ryan Donato.
1:33 of 1st period - Shot Misses the Net.
1:54 of 1st period - Shot by Mika Zibanejad.
1:54 of 1st period - Stopped by Juuse Saros with a rebound.
1:56 of 1st period - Shot by Gabriel Landeskog.
1:56 of 1st period - Shot Blocked by Nick Jensen.
1:58 of 1st period - Shot by Gabriel Landeskog.
1:58 of 1st period - Shot Misses the Net.
2:00 of 1st period - Shot by Travis Konecny.
2:00 of 1st period - Deflect By Gabriel Landeskog.
2:00 of 1st period - Shot Misses the Net.
2:02 of 1st period - Shot by Brian Dumoulin.
2:02 of 1st period - Shot Misses the Net.
3:32 of 1st period - Shot by Adam Erne.
3:32 of 1st period - Deflect By William Carrier.
3:32 of 1st period - Shot Misses the Net.
3:49 of 1st period - Adam Erne is hit by Cody Ceci and loses puck.
4:08 of 1st period - Shot by Rickard Rakell.
4:08 of 1st period - Stopped by Juuse Saros without a rebound.
4:09 of 1st period - Joe Thornton wins face-off versus Martin Necas in SALEM BLACK JAYS zone.
4:26 of 1st period - Shot by Martin Necas.
4:26 of 1st period - Shot Misses the Net.
4:28 of 1st period - Shot by Martin Necas.
4:28 of 1st period - Shot Misses the Net.
4:30 of 1st period - Shot by Scott Mayfield.
4:30 of 1st period - Stopped by Chris Driedger without a rebound.
4:31 of 1st period - Casey Cizikas wins face-off versus Mika Zibanejad in PORTLAND PIRATES zone.
4:31 of 1st period - Casey Cizikas is hit by Thomas Chabot.
4:40 of 1st period - Matthew Calvert is hit by Thomas Chabot and loses puck.
4:57 of 1st period - Mitchell Marner is hit by Travis Hamonic and loses puck.
5:40 of 1st period - Shot by Martin Necas.
5:40 of 1st period - Stopped by Chris Driedger without a rebound.
5:41 of 1st period - Chandler Stephenson wins face-off versus Mathew Barzal in PORTLAND PIRATES zone.
5:54 of 1st period - Shot by Yanni Gourde.
5:54 of 1st period - Stopped by Juuse Saros with a rebound.
6:02 of 1st period - Shot by Yanni Gourde.
6:02 of 1st period - Stopped by Juuse Saros without a rebound.
6:03 of 1st period - Martin Necas wins face-off versus Joe Thornton in SALEM BLACK JAYS zone.
6:03 of 1st period - Martin Necas is hit by Rickard Rakell.
6:45 of 1st period - Jason Demers is hit by Troy Terry and loses puck.
7:05 of 1st period - Minor Penalty to Jason Demers for Slashing.
7:06 of 1st period - William Carrier wins face-off versus Mathew Barzal in PORTLAND PIRATES zone.
10:15 of 1st period - Shot by Mitchell Marner.
10:15 of 1st period - Stopped by Chris Driedger with a rebound.
10:23 of 1st period - Shot by Cody Ceci.
10:23 of 1st period - Shot Misses the Net.
10:25 of 1st period - Shot by Cody Ceci.
10:25 of 1st period - Stopped by Chris Driedger without a rebound.
10:26 of 1st period - Martin Necas wins face-off versus Joakim Nordstrom in PORTLAND PIRATES zone.
10:26 of 1st period - Troy Terry is hit by Brian Dumoulin and loses puck.
10:49 of 1st period - Shot by Troy Terry.
10:49 of 1st period - Shot Misses the Net.
10:50 of 1st period - Minor Penalty to Brian Dumoulin for High sticking.
10:51 of 1st period - Joe Thornton wins face-off versus Mathew Barzal in PORTLAND PIRATES zone.
11:10 of 1st period - Shot by Mathew Barzal.
11:10 of 1st period - Shot Misses the Net.
11:12 of 1st period - Shot by Cody Ceci.
11:12 of 1st period - Shot Blocked by Brett Pesce.
12:52 of 1st period - Shot by Daniel Sprong.
12:52 of 1st period - Stopped by Chris Driedger with a rebound.
13:21 of 1st period - Shot by Gabriel Landeskog.
13:21 of 1st period - Stopped by Juuse Saros without a rebound.
13:22 of 1st period - Rickard Rakell wins face-off versus Martin Necas in SALEM BLACK JAYS zone.
13:23 of 1st period - Shot by Ryan Donato.
13:23 of 1st period - Stopped by Juuse Saros without a rebound.
13:24 of 1st period - Joe Thornton wins face-off versus Martin Necas in SALEM BLACK JAYS zone.
13:46 of 1st period - Shot by Ryan Donato.
13:46 of 1st period - Shot Misses the Net.
13:48 of 1st period - Shot by Joe Thornton.
13:48 of 1st period - Shot Misses the Net.
13:50 of 1st period - Shot by Brian Dumoulin.
13:50 of 1st period - Shot Misses the Net.
14:21 of 1st period - Yanni Gourde is hit by Scott Mayfield and loses puck.
14:34 of 1st period - Shot by Yanni Gourde.
14:34 of 1st period - Shot Misses the Net.
14:36 of 1st period - Shot by Yanni Gourde.
14:36 of 1st period - Shot Misses the Net.
14:44 of 1st period - Shot by Yanni Gourde.
14:44 of 1st period - Shot Misses the Net.
14:46 of 1st period - Shot by Chandler Stephenson.
14:46 of 1st period - Stopped by Juuse Saros without a rebound.
14:47 of 1st period - Travis Konecny wins face-off versus Mathew Barzal in SALEM BLACK JAYS zone.
15:08 of 1st period - Shot by Gabriel Landeskog.
15:08 of 1st period - Shot Misses the Net.
15:37 of 1st period - Icing by Joshua Morrissey.
15:38 of 1st period - Mathew Barzal wins face-off versus Chandler Stephenson in SALEM BLACK JAYS zone.
16:05 of 1st period - Shot by Yanni Gourde.
16:05 of 1st period - Shot Blocked by Nick Jensen.
16:07 of 1st period - Shot by Brian Dumoulin.
16:07 of 1st period - Shot Misses the Net.
16:15 of 1st period - Shot by Yanni Gourde.
16:15 of 1st period - Shot Misses the Net.
16:40 of 1st period - Shot by Rickard Rakell.
16:40 of 1st period - Shot Misses the Net.
17:02 of 1st period - Shot by Rickard Rakell.
17:02 of 1st period - Shot Blocked by Theodor Blueger.
17:33 of 1st period - Shot by Mika Zibanejad.
17:33 of 1st period - Shot Blocked by Martin Necas.
18:10 of 1st period - Troy Terry is hit by Jason Demers and loses puck.
18:20 of 1st period - Icing by Mika Zibanejad.
18:21 of 1st period - Mathew Barzal wins face-off versus Mika Zibanejad in PORTLAND PIRATES zone.
19:02 of 1st period - Shot by Mathew Barzal.
19:02 of 1st period - Shot Blocked by Gabriel Landeskog.
19:04 of 1st period - Shot by Maxime Comtois.
19:04 of 1st period - Shot Blocked by Otto Leskinen.
19:19 of 1st period - Martin Necas is hit by Jason Demers and loses puck.
Goals for this period are 0 for SALEM BLACK JAYS vs 1 for PORTLAND PIRATES.
Shots for this period are 6 for SALEM BLACK JAYS vs 9 for PORTLAND PIRATES.

2nd period


0:01 of 2nd period - Mathew Barzal wins face-off versus Chandler Stephenson in neutral zone.
0:19 of 2nd period - Off-side.
0:20 of 2nd period - Joe Thornton wins face-off versus Martin Necas in neutral zone.
0:43 of 2nd period - Minor Penalty to Ryan Donato for Slashing.
0:44 of 2nd period - Mathew Barzal wins face-off versus Joe Thornton in PORTLAND PIRATES zone.
1:53 of 2nd period - Shot by Troy Terry.
1:53 of 2nd period - Goal by Troy Terry - SALEM BLACK JAYS : 1 - PORTLAND PIRATES : 1.
1:54 of 2nd period - Theodor Blueger wins face-off versus Mika Zibanejad in neutral zone.
2:03 of 2nd period - Shot by Theodor Blueger.
2:03 of 2nd period - Shot Misses the Net.
2:05 of 2nd period - Shot by Nick Jensen.
2:05 of 2nd period - Stopped by Chris Driedger without a rebound.
2:06 of 2nd period - Chandler Stephenson wins face-off versus Martin Necas in PORTLAND PIRATES zone.
2:22 of 2nd period - Off-side.
2:23 of 2nd period - Mathew Barzal wins face-off versus Joe Thornton in neutral zone.
3:24 of 2nd period - Shot by Troy Terry.
3:24 of 2nd period - Stopped by Chris Driedger without a rebound.
3:25 of 2nd period - Yanni Gourde wins face-off versus Theodor Blueger in PORTLAND PIRATES zone.
3:34 of 2nd period - Icing by Nick Jensen.
3:35 of 2nd period - Chandler Stephenson wins face-off versus Theodor Blueger in SALEM BLACK JAYS zone.
3:36 of 2nd period - Shot by Yanni Gourde.
3:36 of 2nd period - Shot Misses the Net.
3:38 of 2nd period - Shot by Chandler Stephenson.
3:38 of 2nd period - Stopped by Juuse Saros without a rebound.
3:39 of 2nd period - Chandler Stephenson wins face-off versus Troy Terry in SALEM BLACK JAYS zone.
3:39 of 2nd period - Yanni Gourde is hit by Andy Greene and loses puck.
3:52 of 2nd period - Icing by Travis Hamonic.
3:53 of 2nd period - Chandler Stephenson wins face-off versus Mathew Barzal in PORTLAND PIRATES zone.
4:50 of 2nd period - Shot by Troy Terry.
4:50 of 2nd period - Stopped by Chris Driedger without a rebound.
4:51 of 2nd period - Joe Thornton wins face-off versus Martin Necas in PORTLAND PIRATES zone.
6:34 of 2nd period - Shot by Travis Konecny.
6:34 of 2nd period - Shot Blocked by Dylan Cozens.
6:51 of 2nd period - Icing by Gabriel Landeskog.
6:52 of 2nd period - Mika Zibanejad wins face-off versus Mathew Barzal in PORTLAND PIRATES zone.
7:17 of 2nd period - Shot by Mathew Barzal.
7:17 of 2nd period - Stopped by Chris Driedger with a rebound.
7:19 of 2nd period - Shot by Mathew Barzal.
7:19 of 2nd period - Goal by Mathew Barzal - SALEM BLACK JAYS : 2 - PORTLAND PIRATES : 1.
7:20 of 2nd period - Chandler Stephenson wins face-off versus Martin Necas in neutral zone.
7:20 of 2nd period - Pavel Zacha is hit by Martin Necas and loses puck.
7:34 of 2nd period - Chandler Stephenson is hit by Scott Mayfield and loses puck.
7:38 of 2nd period - Yanni Gourde is hit by Scott Mayfield and loses puck.
7:42 of 2nd period - Yanni Gourde is hit by Scott Mayfield and loses puck.
7:49 of 2nd period - Shot by Yanni Gourde.
7:49 of 2nd period - Shot Misses the Net.
7:51 of 2nd period - Shot by Brett Pesce.
7:51 of 2nd period - Stopped by Juuse Saros without a rebound.
7:52 of 2nd period - Joe Thornton wins face-off versus Mathew Barzal in SALEM BLACK JAYS zone.
7:55 of 2nd period - Shot by Ryan Donato.
7:55 of 2nd period - Deflect By Rickard Rakell.
7:55 of 2nd period - Stopped by Juuse Saros without a rebound.
7:56 of 2nd period - Mathew Barzal wins face-off versus Joe Thornton in SALEM BLACK JAYS zone.
7:56 of 2nd period - Mathew Barzal is hit by Ryan Donato.
8:08 of 2nd period - Shot by Mathew Barzal.
8:08 of 2nd period - Shot Misses the Net.
8:30 of 2nd period - Shot by Mitchell Marner.
8:30 of 2nd period - Shot Blocked by Thomas Chabot.
8:32 of 2nd period - Shot by Cody Ceci.
8:32 of 2nd period - Stopped by Chris Driedger with a rebound.
9:14 of 2nd period - Shot by Andreas Athanasiou.
9:14 of 2nd period - Stopped by Chris Driedger with a rebound.
9:21 of 2nd period - Pavel Zacha is hit by Scott Mayfield and loses puck.
10:28 of 2nd period - Shot by Mika Zibanejad.
10:28 of 2nd period - Goal by Mika Zibanejad - SALEM BLACK JAYS : 2 - PORTLAND PIRATES : 2.
10:29 of 2nd period - Mathew Barzal wins face-off versus Joakim Nordstrom in neutral zone.
10:31 of 2nd period - Mitchell Marner is hit by Thomas Chabot and loses puck.
10:58 of 2nd period - Shot by Adam Erne.
10:58 of 2nd period - Stopped by Juuse Saros with a rebound.
11:04 of 2nd period - Shot by William Carrier.
11:04 of 2nd period - Shot Misses the Net.
12:06 of 2nd period - Nick Jensen is hit by Pavel Zacha and loses puck.
13:00 of 2nd period - Off-side.
13:01 of 2nd period - Gabriel Landeskog wins face-off versus Martin Necas in neutral zone.
13:15 of 2nd period - Shot by Gabriel Landeskog.
13:15 of 2nd period - Shot Misses the Net.
13:19 of 2nd period - Shot by Gabriel Landeskog.
13:19 of 2nd period - Shot Misses the Net.
13:21 of 2nd period - Shot by Gabriel Landeskog.
13:21 of 2nd period - Shot Misses the Net.
13:23 of 2nd period - Shot by Travis Hamonic.
13:23 of 2nd period - Stopped by Juuse Saros without a rebound.
13:24 of 2nd period - Casey Cizikas wins face-off versus Joakim Nordstrom in SALEM BLACK JAYS zone.
13:49 of 2nd period - Icing by Mitchell Marner.
13:50 of 2nd period - Casey Cizikas wins face-off versus Pavel Zacha in SALEM BLACK JAYS zone.
14:08 of 2nd period - Icing by Mitchell Marner.
14:09 of 2nd period - Joe Thornton wins face-off versus Casey Cizikas in SALEM BLACK JAYS zone.
14:20 of 2nd period - Shot by Ryan Donato.
14:20 of 2nd period - Shot Misses the Net.
14:27 of 2nd period - Ryan Donato is hit by Joshua Morrissey and loses puck.
14:32 of 2nd period - Shot by Joe Thornton.
14:32 of 2nd period - Shot Misses the Net.
14:34 of 2nd period - Shot by Brett Pesce.
14:34 of 2nd period - Shot Blocked by Joshua Morrissey.
14:36 of 2nd period - Shot by Brett Pesce.
14:36 of 2nd period - Shot Blocked by Matthew Calvert.
14:48 of 2nd period - Brett Pesce is hit by Casey Cizikas and loses puck.
15:13 of 2nd period - Travis Hamonic is hit by Casey Cizikas and loses puck.
15:38 of 2nd period - Shot by Yanni Gourde.
15:38 of 2nd period - Stopped by Juuse Saros without a rebound.
15:39 of 2nd period - Mika Zibanejad wins face-off versus Martin Necas in SALEM BLACK JAYS zone.
15:39 of 2nd period - Mika Zibanejad is hit by Scott Mayfield.
15:47 of 2nd period - Shot by Gabriel Landeskog.
15:47 of 2nd period - Stopped by Juuse Saros without a rebound.
15:48 of 2nd period - Mika Zibanejad wins face-off versus Martin Necas in SALEM BLACK JAYS zone.
16:15 of 2nd period - Shot by Mika Zibanejad.
16:15 of 2nd period - Shot Misses the Net.
16:43 of 2nd period - Shot by Yanni Gourde.
16:43 of 2nd period - Goal by Yanni Gourde - SALEM BLACK JAYS : 2 - PORTLAND PIRATES : 3.
16:44 of 2nd period - Theodor Blueger wins face-off versus Chandler Stephenson in neutral zone.
16:55 of 2nd period - Shot by Theodor Blueger.
16:55 of 2nd period - Stopped by Chris Driedger without a rebound.
16:56 of 2nd period - Rickard Rakell wins face-off versus Theodor Blueger in PORTLAND PIRATES zone.
16:56 of 2nd period - Rickard Rakell is hit by Dylan Cozens.
17:18 of 2nd period - Shot by Theodor Blueger.
17:18 of 2nd period - Stopped by Chris Driedger without a rebound.
17:19 of 2nd period - Chandler Stephenson wins face-off versus Mathew Barzal in PORTLAND PIRATES zone.
17:38 of 2nd period - Shot by Mathew Barzal.
17:38 of 2nd period - Shot Misses the Net.
18:18 of 2nd period - Icing by Andy Greene.
18:19 of 2nd period - Maxime Comtois wins face-off versus Mika Zibanejad in SALEM BLACK JAYS zone.
18:53 of 2nd period - Shot by Mika Zibanejad.
18:53 of 2nd period - Shot Misses the Net.
19:20 of 2nd period - Shot by Rickard Rakell.
19:20 of 2nd period - Shot Misses the Net.
19:30 of 2nd period - Shot by Joe Thornton.
19:30 of 2nd period - Stopped by Juuse Saros without a rebound.
19:31 of 2nd period - Pavel Zacha wins face-off versus Theodor Blueger in SALEM BLACK JAYS zone.
19:45 of 2nd period - Shot by Chandler Stephenson.
19:45 of 2nd period - Stopped by Juuse Saros without a rebound.
19:46 of 2nd period - Theodor Blueger wins face-off versus Joe Thornton in SALEM BLACK JAYS zone.
19:50 of 2nd period - Cody Ceci is hit by Jason Demers and loses puck.
19:57 of 2nd period - Shot by Ryan Donato.
19:57 of 2nd period - Stopped by Juuse Saros without a rebound.
19:58 of 2nd period - Chandler Stephenson wins face-off versus Mathew Barzal in SALEM BLACK JAYS zone.
Goals for this period are 2 for SALEM BLACK JAYS vs 2 for PORTLAND PIRATES.
Shots for this period are 10 for SALEM BLACK JAYS vs 12 for PORTLAND PIRATES.

3rd period


0:01 of 3rd period - Chandler Stephenson wins face-off versus Mathew Barzal in neutral zone.
0:27 of 3rd period - Off-side.
0:28 of 3rd period - Martin Necas wins face-off versus Gabriel Landeskog in neutral zone.
0:59 of 3rd period - Shot by Gabriel Landeskog.
0:59 of 3rd period - Shot Misses the Net.
1:01 of 3rd period - Shot by Travis Konecny.
1:01 of 3rd period - Shot Misses the Net.
1:03 of 3rd period - Shot by Brett Pesce.
1:03 of 3rd period - Stopped by Juuse Saros with a rebound.
1:16 of 3rd period - Icing by Andy Greene.
1:17 of 3rd period - Chandler Stephenson wins face-off versus Martin Necas in SALEM BLACK JAYS zone.
1:24 of 3rd period - Shot by Yanni Gourde.
1:24 of 3rd period - Shot Misses the Net.
1:39 of 3rd period - Icing by Scott Mayfield.
1:40 of 3rd period - Martin Necas wins face-off versus Joe Thornton in SALEM BLACK JAYS zone.
2:00 of 3rd period - Icing by Jason Demers.
2:01 of 3rd period - Joe Thornton wins face-off versus Mathew Barzal in PORTLAND PIRATES zone.
2:05 of 3rd period - Off-side.
2:06 of 3rd period - Chandler Stephenson wins face-off versus Mathew Barzal in neutral zone.
2:15 of 3rd period - Shot by Yanni Gourde.
2:15 of 3rd period - Shot Misses the Net.
2:17 of 3rd period - Shot by Yanni Gourde.
2:17 of 3rd period - Stopped by Juuse Saros without a rebound.
2:18 of 3rd period - Theodor Blueger wins face-off versus Joe Thornton in SALEM BLACK JAYS zone.
2:41 of 3rd period - Shot by Theodor Blueger.
2:41 of 3rd period - Shot Misses the Net.
3:21 of 3rd period - Theodor Blueger is hit by Travis Hamonic.
4:42 of 3rd period - Shot by Andreas Athanasiou.
4:42 of 3rd period - Stopped by Chris Driedger without a rebound.
4:43 of 3rd period - Martin Necas wins face-off versus Joakim Nordstrom in PORTLAND PIRATES zone.
4:44 of 3rd period - Shot by Troy Terry.
4:44 of 3rd period - Shot Misses the Net.
5:10 of 3rd period - Icing by Scott Mayfield.
5:11 of 3rd period - Martin Necas wins face-off versus Chandler Stephenson in SALEM BLACK JAYS zone.
5:21 of 3rd period - Icing by Thomas Chabot.
5:22 of 3rd period - Mitchell Marner wins face-off versus Chandler Stephenson in PORTLAND PIRATES zone.
6:05 of 3rd period - Icing by Yanni Gourde.
6:06 of 3rd period - Pavel Zacha wins face-off versus Theodor Blueger in PORTLAND PIRATES zone.
6:50 of 3rd period - Minor Penalty to Ben Hutton for Interference.
6:51 of 3rd period - Mika Zibanejad wins face-off versus Mitchell Marner in SALEM BLACK JAYS zone.
6:59 of 3rd period - Mika Zibanejad is hit by Scott Mayfield and loses puck.
7:07 of 3rd period - Icing by Thomas Chabot.
7:08 of 3rd period - Mika Zibanejad wins face-off versus Mitchell Marner in PORTLAND PIRATES zone.
7:44 of 3rd period - Shot by Yanni Gourde.
7:44 of 3rd period - Shot Blocked by Joshua Morrissey.
8:10 of 3rd period - Brian Dumoulin is hit by Mathew Barzal and loses puck.
11:24 of 3rd period - Shot by Dylan Cozens.
11:24 of 3rd period - Stopped by Chris Driedger without a rebound.
11:25 of 3rd period - Joe Thornton wins face-off versus Martin Necas in PORTLAND PIRATES zone.
12:04 of 3rd period - Shot by Joe Thornton.
12:04 of 3rd period - Shot Misses the Net.
12:15 of 3rd period - Icing by Martin Necas.
12:16 of 3rd period - Martin Necas wins face-off versus Mika Zibanejad in SALEM BLACK JAYS zone.
12:16 of 3rd period - Martin Necas is hit by Travis Konecny.
12:39 of 3rd period - Shot by Mathew Barzal.
12:39 of 3rd period - Stopped by Chris Driedger without a rebound.
12:40 of 3rd period - Chandler Stephenson wins face-off versus Theodor Blueger in PORTLAND PIRATES zone.
12:45 of 3rd period - Shot by Pavel Zacha.
12:45 of 3rd period - Stopped by Juuse Saros without a rebound.
12:46 of 3rd period - Chandler Stephenson wins face-off versus Mathew Barzal in SALEM BLACK JAYS zone.
13:02 of 3rd period - Mitchell Marner is hit by Travis Hamonic and loses puck.
13:05 of 3rd period - Shot by Mathew Barzal.
13:05 of 3rd period - Shot Misses the Net.
13:07 of 3rd period - Shot by Maxime Comtois.
13:07 of 3rd period - Shot Blocked by Travis Hamonic.
13:17 of 3rd period - Shot by Mathew Barzal.
13:17 of 3rd period - Shot Misses the Net.
14:34 of 3rd period - Shot by Martin Necas.
14:34 of 3rd period - Shot Misses the Net.
14:36 of 3rd period - Shot by Martin Necas.
14:36 of 3rd period - Stopped by Chris Driedger with a rebound.
14:42 of 3rd period - Shot by Andreas Athanasiou.
14:42 of 3rd period - Stopped by Chris Driedger without a rebound.
14:43 of 3rd period - Mika Zibanejad wins face-off versus Casey Cizikas in PORTLAND PIRATES zone.
14:45 of 3rd period - Icing by Travis Konecny.
14:46 of 3rd period - Mika Zibanejad wins face-off versus Mathew Barzal in PORTLAND PIRATES zone.
14:51 of 3rd period - Mitchell Marner is hit by Travis Konecny and loses puck.
15:58 of 3rd period - Icing by Scott Mayfield.
15:59 of 3rd period - Joe Thornton wins face-off versus Martin Necas in SALEM BLACK JAYS zone.
16:06 of 3rd period - Shot by Joe Thornton.
16:06 of 3rd period - Shot Blocked by Scott Mayfield.
16:16 of 3rd period - Shot by Troy Terry.
16:16 of 3rd period - Stopped by Chris Driedger without a rebound.
16:17 of 3rd period - Joakim Nordstrom wins face-off versus Dylan Cozens in PORTLAND PIRATES zone.
16:19 of 3rd period - Icing by William Carrier.
16:20 of 3rd period - Casey Cizikas wins face-off versus Adam Erne in PORTLAND PIRATES zone.
16:23 of 3rd period - Shot by Casey Cizikas.
16:23 of 3rd period - Shot Hit the Post.
17:01 of 3rd period - Off-side.
17:02 of 3rd period - Joe Thornton wins face-off versus Martin Necas in neutral zone.
17:15 of 3rd period - Shot by Troy Terry.
17:15 of 3rd period - Stopped by Chris Driedger with a rebound.
17:17 of 3rd period - Shot by Martin Necas.
17:17 of 3rd period - Stopped by Chris Driedger without a rebound.
17:18 of 3rd period - Mika Zibanejad wins face-off versus Theodor Blueger in PORTLAND PIRATES zone.
17:33 of 3rd period - Gabriel Landeskog is hit by Theodor Blueger.
17:41 of 3rd period - Shot by Travis Konecny.
17:41 of 3rd period - Shot Misses the Net.
17:43 of 3rd period - Shot by Travis Hamonic.
17:43 of 3rd period - Shot Misses the Net.
17:51 of 3rd period - Shot by Travis Konecny.
17:51 of 3rd period - Shot Blocked by Andy Greene.
18:01 of 3rd period - Shot by Mika Zibanejad.
18:01 of 3rd period - Shot Misses the Net.
18:14 of 3rd period - Off-side.
18:15 of 3rd period - Joe Thornton wins face-off versus Mathew Barzal in neutral zone.
19:24 of 3rd period - Shot by Yanni Gourde.
19:24 of 3rd period - Shot Misses the Net.
19:47 of 3rd period - Shot by Yanni Gourde.
19:47 of 3rd period - Stopped by Juuse Saros without a rebound.
19:48 of 3rd period - Filip Chytil wins face-off versus Joe Thornton in SALEM BLACK JAYS zone.
19:53 of 3rd period - SALEM BLACK JAYS, Juuse Saros is pulled from the net.
Goals for this period are 0 for SALEM BLACK JAYS vs 0 for PORTLAND PIRATES.
Shots for this period are 8 for SALEM BLACK JAYS vs 4 for PORTLAND PIRATES.


SEBASTIAN
AHO
MARK
SCHEIFELE
JAKE
OETTINGER

EAST COAST

HOCKEY LEAGUE

  • 17.QUE3CHI2
  • 18.CHA2LIM4
  • 19.TRV3LON2
  • 20.CHW1BAL2
  • 21.PITMAN
  • 22.ATLNHW
  • 23.WORPET
  • 24.RHI